 Dungeon Crawl Stone Soup version 0.32-a0-613-g40f424ee2b (webtiles) character file.

Game seed: 4513618617617836621

2284 CrazyBamboolord the Shield-Bearer (level 9, -5/88 HPs)
             Began as a Minotaur Fighter on Mar 5, 2024.
             Was a Follower of Beogh.
             Slain by a killer bee (6 damage)
             ... on level 10 of the Dungeon.
             The game lasted 00:09:27 (6968 turns).

CrazyBamboolord the Shield-Bearer (MiFi)            Turns: 6968, Time: 00:09:28

Health: -5/88      AC: 10    Str: 23 (25) XL:     9   Next: 17%
Magic:  10/10      EV:  8    Int:  4 (5)  God:    Beogh [*.....]
Gold:   518        SH:  5    Dex:  7 (10) Spells: 8/8 levels left

rFire   . . .        a - +1 flail
rCold   + . .        c - +0 buckler
rNeg    . . .        k - +0 chain mail {rC+}
rPois   +            (helmet restricted)
rElec   .            (no cloak)
rCorr   .            (no gloves)
SInv    .            (no boots)
Will    +....        (no amulet) Stlth
                     (no ring)
HPRegen 0.34/turn    (no ring)
MPRegen 0.12/turn

%: no passive effects
@: lethally poisoned (-5 -> -10), enlightened, flying, hasted, very quick
A: horns 2, retaliatory headbutt, poison resistance, robust 1
a: Renounce Religion


You were on level 10 of the Dungeon.
You worshipped Beogh.
Beogh was aware of your devotion.
You visited 1 branch of the dungeon, and saw 8 of its levels.

You collected 518 gold pieces.

Inventory:

Hand Weapons
 a - a +1 flail (weapon)
 p - a +0 whip of distortion
Armour
 c - a +0 buckler (worn)
 k - a +0 chain mail of cold resistance (worn)
Wands
 j - a wand of flame (11)
Scrolls
 b - a scroll of noise
 d - a scroll of blinking {unknown}
 f - 2 scrolls of revelation
 g - a scroll of torment {unknown}
 l - a scroll of vulnerability
 m - a scroll of silence {unknown}
 n - 3 scrolls of teleportation
 o - a scroll of poison {unknown}
Potions
 h - 2 potions of attraction


   Skills:
 + Level 7.7 Fighting
 + Level 7.3 Maces & Flails
 + Level 7.8 Armour
 + Level 7.8 Shields
 + Level 3.9 Invocations


You had 8 spell levels left.
You didn't know any spells.
Your spell library contained the following spells:

 Spells                   Type           Power      Damage    Failure   Level
 Apportation              Tloc           0%         N/A       98%         1
 Necrotise                Necr           0%         1d4       98%         1
 Sting                    Conj/Alch      0%         1d3       98%         1
 Summon Small Mammal      Summ           0%         N/A       98%         1
 Ozocubu's Armour         Ice            0%         N/A       100%        3
 Tukima's Dance           Hex            0%         N/A       100%        3
 Passage of Golubria      Tloc           0%         N/A       100%        4
 Metabolic Englaciation   Hex/Ice        0%         N/A       100%        5
 Yara's Violent Unravell  Hex/Alch       0%         3d3       100%        5
 Sculpt Simulacrum        Ice/Alch       0%         N/A       100%        6


Dungeon Overview and Level Annotations

Branches:
Dungeon (10/15)            Temple (0/1) D:7
   Lair: D:8-11         Orc: D:9-12

Altars:
Dithmenos
Gozag
Makhleb
Sif Muna
Trog
Uskayaw

Annotations:
D:3 2 transporters, Necromancer21's ghost, novice GrGl


Innate Abilities, Weirdness & Mutations

You have a pair of horns on your head.
You reflexively headbutt those who attack you in melee.
Your system is resistant to poisons. (rPois)
You are robust. (+10% HP)


Message History

You are poisoned.
The killer bee poisons you!
You hit the killer bee.
The killer bee is lightly wounded.
You feel sick.
The killer bee stings you but does no damage.
You hit the killer bee but do no damage.
The killer bee is lightly wounded.
You feel sick. The killer bee stings you. x2
You are more poisoned.
The killer bee poisons you!
You miss the killer bee.
The killer bee is lightly wounded.
You feel sick. The killer bee stings you.
* * * LOW HITPOINT WARNING * * *
You miss the killer bee.
The killer bee is lightly wounded.
You feel sick. The killer bee stings you.
* * * LOW HITPOINT WARNING * * *
Unknown command.
It was a potion of mutation.
You feel extremely strange.
You feel resistant to poisons.
You feel robust.
You feel sick. The killer bee stings you.
* * * LOW HITPOINT WARNING * * *
It was a potion of enlightenment.
You feel very buoyant.
You fly up into the air.
* * * LOW HITPOINT WARNING * * *
You feel sick. The killer bee completely misses you. You furiously retaliate!
You headbutt the killer bee, but do no damage.
The killer bee stings you.
* * * LOW HITPOINT WARNING * * *
Unknown command.
* * * LOW HITPOINT WARNING * * *
You feel sick.
* * * LOW HITPOINT WARNING * * *
You feel sick.
The killer bee attacks as it pursues you!
The killer bee stings you.
You die...

########*****,** *,,,,,,,,,,,,,,
######## *,,* ******+,,,,****
######## *,** *,***** ########
**<* *,* .####### *,,* *,*
.####### *,** *,*
.##########+#### *,* **
.########..$...#########.#**** *,
.'..#####......'@y.y......,,,* *,
.##.....'......#########.#**,***,
.########......# *,* *,,,,,
.########......# *,* *****,
.########......# *,* *,
.########......# *,* *,
###########+#### *,* *, *,,,* *,*
** ***,* *,* *


You could see 2 killer bees.

Vanquished Creatures
  Grinder (D:5)
  Sigmund (D:2)
  A steam dragon (D:4)
  Menkaure (D:7)
  A water moccasin (D:7)
  A sky beast (D:7)
  An ice beast (D:5)
  A black bear (D:6)
  An ogre (D:5)
  2 bullfrogs
  2 killer bees (D:10)
  2 jellies (D:7)
  2 hounds (D:5)
  3 orc priests
  3 sleepcaps
  Terence (D:2)
  3 iguanas
  Natasha (thrice) (D:2)
  11 orc wizards
  8 gnolls
  6 adders
  5 shadow imps
  2 white imps (D:7)
  2 ufetubi (D:7)
  2 dart slugs (D:4)
  A ribbon worm (D:3)
  19 orcs
  5 endoplasms
  3 giant cockroaches
  6 goblins
  5 hobgoblins
  8 kobolds
  3 quokkas
  9 ball pythons
  6 bats
  5 frilled lizards
  4 rats
140 creatures vanquished.

Vanquished Creatures (others)
  An orc wizard (D:5)
  An orc (D:7)
2 creatures vanquished.

Grand Total: 142 creatures vanquished

Notes
Turn   | Place    | Note
-------+----------+-------------------------------------------
     0 | D:1      | CrazyBamboolord the Minotaur Fighter began the quest for
                  | the Orb.
     0 | D:1      | Reached XP level 1. HP: 19/19 MP: 0/0
   225 | D:1      | Reached XP level 2. HP: 25/27 MP: 1/1
   721 | D:2      | Reached XP level 3. HP: 26/33 MP: 2/2
   765 | D:2      | Noticed Terence
   769 | D:2      | Killed Terence
   997 | D:2      | Noticed Natasha
  1005 | D:2      | Killed Natasha
  1006 | D:2      | Reached XP level 4. HP: 29/41 MP: 3/3
  1221 | D:2      | Noticed Sigmund
  1234 | D:2      | Killed Sigmund
  1235 | D:2      | Reached skill level 5 in Fighting
  1235 | D:2      | Reached skill level 5 in Armour
  1235 | D:2      | Reached skill level 5 in Shields
  1235 | D:2      | Reached XP level 5. HP: 26/48 MP: 4/4
  1599 | D:2      | Noticed Natasha
  1609 | D:2      | Killed Natasha
  1610 | D:2      | Reached XP level 6. HP: 36/56 MP: 5/5
  1863 | D:2      | Noticed Natasha
  1869 | D:2      | Killed Natasha
  1977 | D:3      | Noticed Necromancer21's ghost (novice GrGl)
  1978 | D:3      | Found a transporter.
  1979 | D:3      | Found a transporter.
  1981 | D:3      | Noticed an ice beast
  2019 | D:3      | Found a hide-covered altar of Uskayaw.
  2306 | D:3      | Found a faded altar of an unknown god.
  2336 | D:3      | Found a burning altar of Makhleb.
  2679 | D:3      | Found an opulent altar of Gozag.
  2826 | D:4      | Found a shimmering blue altar of Sif Muna.
  2868 | D:4      | Found a bloodstained altar of Trog.
  2997 | D:4      | Noticed a steam dragon
  3002 | D:4      | Killed a steam dragon
  3003 | D:4      | Reached skill level 5 in Maces & Flails
  3003 | D:4      | Reached XP level 7. HP: 55/62 MP: 6/6
  4000 | D:5      | Entered Level 5 of the Dungeon
  4059 | D:5      | Became a worshipper of Beogh the Shepherd
  4405 | D:5      | Reached skill level 1 in Invocations
  4816 | D:5      | Noticed Grinder
  4829 | D:5      | Paralysed by Grinder for 2 turns
  4836 | D:5      | Paralysed by Grinder for 3 turns
  4844 | D:5      | Killed Grinder
  4845 | D:5      | Reached XP level 8. HP: 55/71 MP: 8/8
  5531 | D:6      | Reached * piety under Beogh
  5905 | D:6      | Found a shadowy altar of Dithmenos.
  6018 | D:7      | Noticed Menkaure
  6024 | D:7      | Killed Menkaure
  6502 | D:7      | Reached XP level 9. HP: 26/79 MP: 10/10
  6909 | D:7      | Found a staircase to the Ecumenical Temple.
  6920 | D:7      | You fall into a shaft and drop 3 floors!
  6920 | D:10     | Entered Level 10 of the Dungeon
  6965 | D:10     | Gained mutation: Your system is resistant to poisons.
                  | (rPois) [potion of mutation]
  6965 | D:10     | Gained mutation: You are robust. (+10% HP) [potion of
                  | mutation]
  6966 | D:10     | HP: 3/88 [killer bee (4)]
  6968 | D:10     | HP: 1/88 [poisoned by a killer bee]
  6968 | D:10     | Slain by a killer bee

Illustrated notes

Levels and vault maps discovered:
D:1:      dpeg_arrival_shelter, layout_loops_ring
D:2:      layout_loops_corners, serial_bayou, serial_bayou_pond_d,
          serial_bayou_lagoon_b, serial_bayou_ford_a, serial_bayou_pond_a,
          uniq_terence, uniq_sigmund, uniq_natasha
D:3:      layout_loops_cross, nicolae_gozag_cash_rules_everything_around_me,
          mainiacjoe_overflow_boulevard, mainiacjoe_overflow_brackets,
          gammafunk_ghost_arena, hellmonk_ecumenical_altar_leap_of_faith
D:4:      layout_loops_corners, lemuel_crystal_altar, kennysheep_orc_sif_temple,
          serial_forest, infiniplex_forest_lined_room_,
          infiniplex_forest_straight_2, infiniplex_forest_lined_corner,
          infiniplex_forest_lined_room_2, infiniplex_forest_lined_2,
          infiniplex_forest_lined_room_2, infiniplex_forest_end_1,
          infiniplex_forest_end_1
D:5:      layout_loops_ring, serial_co_window_serial, co_window_paths_b,
          co_window_of_opportunity_a, co_window_corner_a, co_window_paths_b,
          co_window_paths_a, co_window_cross_4, co_window_corner_cb,
          co_window_unsneaky_path_d, co_window_paths_d, co_window_4corner_b,
          glass_columns_a, glass_columns_c, glass_columns_a, glass_columns_a,
          glass_columns_c, solitary_fountain,
          minmay_a_box_with_orc_wizards_in_it, uniq_grinder
D:6:      layout_basic, grunt_dithmenos_shadows
D:7:      layout_gridville, minmay_temple_entry_antechambers, serial_demonic,
          serial_demonic_d, serial_demonic_b, serial_demonic_g,
          serial_demonic_c, serial_demonic_g, serial_demonic_f,
          hangedman_decor_peaks_small, uniq_menkaure
D:10:     layout_roguey, nicolae_qazlal_general_emergency, enter_bailey_3

Skill      XL: |  1  2  3  4  5  6  7  8 |
---------------+-------------------------+-----
Fighting       | 4 5 6 7 |  7.7
Armour         | 4 5 6 7 |  7.8
Maces & Flails | 3 4 5 6 7 |  7.3
Shields        | 4 5 6 7 |  7.8
Invocations    | 2 3 |  3.9

Action                     |  1- 3 |  4- 6 |  7- 9 || total
---------------------------+-------+-------+-------++-------
  Melee: Flail             |    77 |   115 |   288 ||   480
         Headbutt          |     6 |    16 |    37 ||    59
 Invoke: Convert to Beogh  |       |       |     1 ||     1
    Use: Scroll            |       |       |    10 ||    10
         Potion            |       |       |    10 ||    10
 Armour: Scale mail        |    75 |    52 |       ||   127
         Chain mail        |       |    40 |   295 ||   335
  Dodge: Dodged            |    42 |    41 |   120 ||   203
  Block: Buckler           |    22 |    20 |    74 ||   116

Table legend: (Time is in decaauts)
 A = Elapsed time spent in this place.
 B = Non-inter-level travel time spent in this place.
 C = Inter-level travel time spent in this place.
 D = Time resting spent in this place.
 E = Time spent auto-exploring this place.
 F = Levels seen in this place.
 G = Mean time per level.
                   A        B        C        D        E       F      G
               +--------+--------+--------+--------+--------+-----+--------+
         Total |   7065 |   6878 |    187 |    522 |   5235 |   8 |  883.1 |
       Dungeon |   7065 |   6878 |    187 |    522 |   5235 |   8 |  883.1 |
               +--------+--------+--------+--------+--------+-----+--------+

Top non-repeatable levels by time:
     D:5: 1340 daAuts
     D:2: 1302 daAuts
     D:4: 1208 daAuts
     D:7: 888 daAuts
     D:3: 860 daAuts
     D:1: 720 daAuts
     D:6: 700 daAuts
    D:10: 43 daAuts
